 Dungeon Crawl Stone Soup version 0.25.1-2-g60ff931df9 (webtiles) character file.

Game seed: 4353706287047868908

446 DerDa the Magician (level 6, -1/41 HPs)
             Began as a Mummy Ice Elementalist on Nov 12, 2020.
             Slain by Terence
             ... wielding a +4 trident
              (7 damage)
             ... on level 2 of the Dungeon.
             The game lasted 00:08:35 (4232 turns).

DerDa the Magician (Mummy Ice Elementalist)         Turns: 4232, Time: 00:08:35

Health: -1/41      AC:  3    Str: 11    XL:     6   Next: 73%
Magic:  13/14      EV: 13    Int: 16    God:
Gold:   118        SH:  0    Dex: 13    Spells: 5/16 levels left

rFire    x . .     SeeInvis .   e - +2 mace (drain)
rCold    + . .     Gourm    .   (no shield)
rNeg     + + +     Faith    .   a - +0 robe
rPois    ∞         Spirit   .   l - +0 helmet
rElec    .         Reflect  .   (no cloak)
rCorr    .         Harm     .   (no gloves)
MR       .....                  (no boots)
Stlth    ++........             (no amulet)
HPRegen  0.13/turn              (no ring)
MPRegen  0.14/turn              (no ring)

@: no status effects
A: no food or potions, fire vulnerability, cold resistance 1, negative energy
resistance 3, torment resistance, unbreathing
a: no special abilities


You were on level 2 of the Dungeon.
You were not hungry.

You visited 1 branch of the dungeon, and saw 3 of its levels.

You collected 118 gold pieces.

Inventory:

Hand Weapons
 e - a +2 mace of draining (weapon)
Missiles
 c - 39 stones
 h - 5 silver boomerangs
 k - 36 poisoned darts (quivered)
Armour
 a - a +0 robe (worn)
 l - a +0 helmet (worn)
Jewellery
 n - a cursed ring of teleportation {unknown}
 o - an uncursed amulet of magic regeneration {unknown}
Wands
 j - a wand of acid (9)
 m - a wand of flame (9)
Scrolls
 b - a scroll of magic mapping {unknown}
 d - 2 scrolls of identify {unknown}
 f - 2 scrolls of amnesia {unknown}
 g - 2 scrolls of remove curse {unknown}
 i - a scroll of teleportation {unknown}


   Skills:
 + Level 2.9 Dodging
 - Level 1.5 Stealth
 * Level 5.9 Spellcasting
 * Level 5.0 Ice Magic


You had 5 spell levels left.
You knew the following spells:

 Your Spells              Type           Power        Failure   Level  Hunger
a - Freeze                Ice            ###.         1%          1    N/A
b - Frozen Ramparts       Ice            ###...       5%          3    N/A
c - Ozocubu's Armour      Chrm/Ice       ##......     14%         3    N/A
d - Hailstorm             Conj/Ice       ##......     43%         4    N/A

Your spell library contained the following spells:

 Spells                   Type           Power        Failure   Level  Hunger
 Summon Ice Beast         Ice/Summ       ##......     43%         4    N/A

Dungeon Overview and Level Annotations

Branches:
Dungeon (3/15)

Altars:
Ashenzari
Fedhas
Okawaru
Ru
Trog

Annotations:
D:2 Terence


Innate Abilities, Weirdness & Mutations

You do not eat or drink.
Your flesh is vulnerable to fire.
You are immune to poison.
Your flesh is cold resistant. (rC+)
You are immune to negative energy. (rN+++)
You are immune to unholy pain and torment.
You can survive without breathing.


Message History

You barely miss Terence.
Terence is moderately wounded.
Terence hits you with a +4 trident.
You hit Terence.
Terence is heavily wounded.
Terence hits you with a +4 trident!
* * * LOW HITPOINT WARNING * * *
Terence misses you.
You closely miss Terence.
Terence is heavily wounded.
Terence hits you but does no damage.
Casting: Frozen Ramparts (dangerous; 5% risk of failure)
Confirm with . or Enter, or press ? or * to list all spells.
Aiming: Freeze (safe; 1% risk of failure)
Press: ? - help, Shift-Dir - straight line, f/p - Terence
Aim: Terence, wielding a +4 trident and wearing a +0 ring mail (heavily wounded)
You freeze Terence!
Terence is almost dead.
Terence hits you with a +4 trident!
You die...

#.#................###.##......##
#.......####.......# #.###.#.#.##
........# #######.# #.# #.#.#...
##.####.# #.# #@# #.#.#### #.#
#.# #####.###.# #.#..... #.# #.#
#....(...(###.#.####
##.####.######.###(....@...#.####
#............#.###(.##.###.#.....
#..##.#.........@@.(##.##..#.####
#..##.########.#######.##..#.#
#..##.# ###.#.######.##..#.#
#..##.# #..###.......##..#.####
#.!##.# #.#.#.######.##...#...#
#..##.# #.##.........##....%.).
#..##.# #.################....#
#..##.# #.# #.#### #..##.#####.#
#.# ##


You could see Terence.

Vanquished Creatures
  Sigmund (D:3)
  A crimson imp (D:2)
  3 orc wizards (D:3)
  Robin (D:3)
  6 adders
  3 oozes
  2 worms (D:2)
  3 leopard geckos
  7 orcs (D:3)
  7 giant cockroaches
  10 goblins
  9 hobgoblins
  A quokka (D:2)
  4 ball pythons
  6 bats
  3 frilled lizards
  8 kobolds
  8 rats
83 creatures vanquished.

Notes
Turn   | Place    | Note
-------+----------+-------------------------------------------
     0 | D:1      | DerDa the Mummy Ice Elementalist began the quest for the
                  | Orb.
     0 | D:1      | Reached XP level 1. HP: 13/13 MP: 4/4
   275 | D:1      | Found an iron altar of Okawaru.
   285 | D:1      | Reached XP level 2. HP: 13/19 MP: 1/6
   878 | D:1      | Reached XP level 3. HP: 24/24 MP: 7/7
  1121 | D:1      | Learned a level 3 spell: Frozen Ramparts
  1125 | D:1      | Learned a level 3 spell: Ozocubu's Armour
  1126 | D:2      | Noticed Terence
  1223 | D:2      | Found a shattered altar of Ashenzari.
  1535 | D:2      | Reached XP level 4. HP: 30/30 MP: 9/9
  2311 | D:2      | Found a sacrificial altar of Ru.
  2432 | D:2      | Reached XP level 5. HP: 30/35 MP: 4/11
  3074 | D:3      | Learned a level 4 spell: Hailstorm
  3140 | D:3      | Reached skill level 5 in Spellcasting
  3408 | D:3      | Noticed Robin
  3421 | D:3      | Killed Robin
  3421 | D:3      | Reached XP level 6. HP: 26/41 MP: 3/13
  3570 | D:3      | Found a bloodstained altar of Trog.
  3783 | D:3      | Found a blossoming altar of Fedhas.
  3946 | D:3      | Noticed Sigmund
  3956 | D:3      | Killed Sigmund
  3956 | D:3      | Reached skill level 5 in Ice Magic
  4232 | D:2      | Slain by Terence

Illustrated notes

Levels and vault maps discovered:
D:1:      lightli_iron_boxes, layout_basic, okawaru_ov_weapons_minmay
D:2:      layout_loops_ring, lemuel_round_altar, overflow_temple_1_default,
          first_ration, uniq_terence
D:3:      kennysheep_big_flooded_room, layout_basic, marbit_many_paths,
          fedhas_altar_1, uniq_robin, uniq_sigmund

Skill      XL: |  1  2  3  4  5  6 |
---------------+-------------------+-----
Spellcasting   | 3 4 5 |  5.9
Dodging        | 2 |  2.9
Ice Magic      | 4 5 |  5.0
Stealth        | |  1.5

Action                   |  1- 3 |  4- 6 || total
-------------------------+-------+-------++-------
Melee: Club              |     4 |       ||     4
       Mace              |     9 |    33 ||    42
Throw: Dart              |       |     7 ||     7
 Cast: Freeze            |    53 |    51 ||   104
       Frozen Ramparts   |       |     5 ||     5
 Stab: Sleeping          |     1 |     1 ||     2
Armor: Robe              |     8 |     8 ||    16
Dodge: Dodged            |    39 |    45 ||    84
